 Dungeon Crawl Stone Soup version 0.28.0-43-g3370ac3207 (webtiles) character file.

Game seed: 12810090477726518332

109582 crimpus the Stickfighter (level 16, -11/162 HPs)
             Began as a Minotaur Berserker on Mar 14, 2022.
             Was a High Priest of Trog.
             Mangled by a very large slime creature (41 damage)
             ... on level 15 of the Dungeon.
             The game lasted 00:48:45 (32730 turns).

crimpus the Stickfighter (Minotaur Berserker)      Turns: 32730, Time: 00:48:45

Health: -11/162    AC: 34    Str: 34    XL:     16   Next: 5%
Magic:  15/15      EV: 10    Int: 13    God:    Trog [*****.]
Gold:   1956       SH:  5    Dex: 12    Spells: 15/15 levels left

rFire   . . .      SeeInvis .   f - +7 quarterstaff of Ointment {speed, rCorr}
rCold   . . .      Faith    .   (shield currently unavailable)
rNeg    . . .      Spirit   .   Z - +3 plate armour {rC+}
rPois   +          Reflect  +   (helmet restricted)
rElec   +          Harm     .   u - +2 cloak
rCorr   +          Rampage  .   (no gloves)
Will    +....                   t - +2 pair of boots
Stlth   ..........              v - amulet of reflection
HPRegen 0.37/turn               o - +4 ring of protection
MPRegen 0.14/turn               Y - ring "Nisal" {rElec rPois rC- Str+6 Int+9}

@: about to teleport, on berserk cooldown, slowed, invisible, very slow
A: horns 2, retaliatory headbutt, iridescent scales 1
a: Renounce Religion, Berserk, Trog's Hand, Brothers in Arms


You were on level 15 of the Dungeon.
You worshipped Trog.
Trog was extremely pleased with you.
You visited 3 branches of the dungeon, and saw 23 of its levels.

You collected 2409 gold pieces.
You spent 453 gold pieces at shops.

Inventory:

Hand Weapons
 a - a +6 quarterstaff of flaming
 f - the +7 quarterstaff of Ointment (weapon) {speed, rCorr}
   (You took it off a hobgoblin on level 2 of the Dungeon)

   Attacks with this weapon are significantly faster.
   rCorr:     It protects you from acid and corrosion.
 N - a +4 vorpal lajatang
 O - the +6 halberd "Usoysh" {antimagic, rC++ Str+2}
   (You bought it in a shop on level 2 of the Orcish Mines)

   It reduces the magical energy of the wielder, and disrupts the spells and
   magical abilities of those it strikes.
   Natural abilities and divine invocations are not affected.
   Str:       It affects your strength (+2).
   rC:        It greatly protects you from cold.
 R - the +7 shortbow "Kuhol" {freeze, rPois rCorr}
   (You found it on level 14 of the Dungeon)

   Any ammunition fired from it freezes those it strikes, dealing additional
   cold damage.
   It can also slow down cold-blooded creatures.
   rPois:     It protects you from poison.
   rCorr:     It protects you from acid and corrosion.
Missiles
 x - a throwing net (quivered)
Armour
 h - the +2 kite shield of Dramatic Exits {rElec rF- Int+2}
   (You found it on level 8 of the Dungeon)

   Int:       It affects your intelligence (+2).
   rF:        It makes you vulnerable to fire.
   rElec:     It insulates you from electricity.
 t - a +2 pair of boots (worn)
 u - a +2 cloak (worn)
 y - a +2 plate armour of fire resistance
 Z - a +3 plate armour of cold resistance (worn)
Jewellery
 l - a +6 ring of dexterity
 o - a +4 ring of protection (left hand)
 v - an amulet of reflection (around neck)
 C - an amulet of regeneration
 H - a ring of poison resistance
 J - a ring of protection from fire
 T - a +6 ring of intelligence
 V - a ring of see invisible
 W - a ring of protection from fire
 Y - the ring "Nisal" (right hand) {rElec rPois rC- Str+6 Int+9}
   (You found it on level 5 of the Lair of Beasts)

   [ring of strength]

   Str:       It affects your strength (+6).
   Int:       It affects your intelligence (+9).
   rC:        It makes you vulnerable to cold.
   rElec:     It insulates you from electricity.
   rPois:     It protects you from poison.
Wands
 m - a wand of mindburst (14)
 n - a wand of paralysis (12)
 p - a wand of acid (29)
 q - a wand of iceblast (13)
 w - a wand of flame (41)
 G - a wand of charming (4)
 Q - a wand of polymorph (5)
Scrolls
 b - 5 scrolls of identify
 e - 3 scrolls of noise
 i - 8 scrolls of teleportation
 k - a scroll of holy word
 s - 4 scrolls of brand weapon
 z - 3 scrolls of vulnerability
 B - 3 scrolls of enchant armour
 E - 2 scrolls of blinking
 F - 2 scrolls of magic mapping
 I - 6 scrolls of enchant weapon
 K - 2 scrolls of torment
 L - 2 scrolls of silence
 M - a scroll of fear
Potions
 c - 4 potions of heal wounds
 d - 3 potions of cancellation
 j - 6 potions of brilliance
 r - 4 potions of degeneration
 A - 7 potions of ambrosia
 D - 7 potions of curing
 P - 2 potions of might
 S - 2 potions of mutation
 U - a potion of lignification
 X - a potion of flight


   Skills:
 + Level 19.7 Fighting
 - Level 4.6 Axes
 + Level 20.6 Staves
 + Level 18.0 Armour
 - Level 3.0 Dodging
 - Level 7.0 Shields


You had 15 spell levels left.
You didn't know any spells.
Your spell library was empty.

Dungeon Overview and Level Annotations

Branches:
Dungeon (15/15)            Temple (0/1) D:7            Lair (6/6) D:8
 Shoals (0/4) Lair:4       Spider (0/4) Lair:4        Slime (0/5) Lair:6
    Orc (2/2) D:11            Elf (0/3) Orc:2        Vaults (0/5) D:14
 Depths: D:15

Altars:
Ashenzari
Cheibriados
Dithmenos
Kikubaaqudgha
Makhleb
Qazlal
The Shining One
Beogh
Jiyva

Shops:
D:2 [   D:3 ?   D:11 !(=!   Orc:2 (*:!

Portals:
Pandemonium: Orc:2

Annotations:
D:10 4 transporters


Innate Abilities, Weirdness & Mutations

You have a pair of horns on your head.
You reflexively headbutt those who attack you in melee.
You are partially covered in iridescent scales. (AC +2)


Message History

There is a stone staircase leading up here.
You feel much better.
The death knight hits you but does no damage.
The death knight hits you with a +3 broad axe of freezing!
* * * LOW HITPOINT WARNING * * *
The death knight freezes you.
* * * LOW HITPOINT WARNING * * *
Your ogre goes berserk!
The death knight hits you with a +3 broad axe of freezing.
* * * LOW HITPOINT WARNING * * *
The death knight freezes you.
* * * LOW HITPOINT WARNING * * *
The death knight hits your ogre with a +3 broad axe of freezing!!
The death knight freezes your ogre!
Your ogre misses the death knight.
The death knight invokes the aid of Yredelemnul against you.
As you read the scroll of teleportation, it crumbles to dust.
You feel strangely unstable.
The death knight's dark mirror aura disappears.
Your ogre hits the death knight with a +0 giant club!!
The death knight hits your ogre with a +3 broad axe of freezing!
The death knight freezes your ogre.
Your ogre dies!
Your ogre's corpse disappears in a puff of smoke!
Your surroundings suddenly seem different.
A boulder beetle and 6 slime creatures come into view.
The slime creature quivers. x5
The slime creature hits you.
* * * LOW HITPOINT WARNING * * *
As you read the scroll of teleportation, it crumbles to dust.
You feel strangely unstable.
The slime creature hits you but does no damage.
Two slime creatures merge to form a large slime creature.
Two slime creatures merge to form a very large slime creature.
Two slime creatures merge to form a large slime creature.
You block the slime creature's attack.
You fade into invisibility!
The slime creature hits you!
* * * LOW HITPOINT WARNING * * *
The very large slime creature hits you!!!
You die...

.......
......#
.....##
.......
.......
##.Q....#
#JJ...#.#
#@JB....#
###......
...#. ###


You could see a boulder beetle, a very large slime creature, a large slime
creature, a slime creature and a tengu conjurer.

Vanquished Creatures
  Saint Roka (Orc:2)
  The ghost of Adireryl the Fighter, a journeyman HOFi of Beogh (Lair:5)
  The ghost of Thalamas the Severer, a journeyman MiBe of Trog (Lair:5)
  The ghost of Qeimiotua the Blocker, a journeyman MiFi of Okawaru (Lair:5)
  Azrael (D:12)
  The ghost of Ribudoz the Blocker, a journeyman GnFi of Okawaru (Lair:5)
  The ghost of Luam the Spear-Bearer, a journeyman OpFi of Cheibriados (Lair:5)
  Snorg (Lair:6)
  An ettin (Orc:1)
  3 fire dragons
  4 vault guards (D:14)
  16 hydras
  5 boulder beetles
  An ogre mage (D:14)
  Harold (D:8)
  4 centaur warriors
  3 demonspawn (Orc:2)
  2 tengu warriors
  9 death yaks (Lair:4)
  6 two-headed ogres
  Urug (D:12)
  7 orc high priests
  4 skeletal warriors (D:14)
  A sixfirhy (Orc:2)
  A shadow wraith (D:14)
  A deep elf archer (D:14)
  5 orc knights
  A lindwurm (Lair:6)
  A deep elf zephyrmancer (D:14)
  A necromancer (Lair:5)
  6 orc sorcerers
  4 deep elf pyromancers
  18 ugly things
  6 cyclopes
  2 manticores (D:14)
  Maurice (D:12)
  3 black mambas
  Joseph (D:8)
  5 cane toads
  3 molten gargoyles (Lair:6)
  3 gargoyles
  Maggie (D:8)
  An ice statue (Lair:6)
  An unseen horror (D:11)
  2 freezing wraiths
  A kobold demonologist (D:11)
  A yaktaur (D:14)
  3 efreet
  5 komodo dragons
  A hellwing (Orc:2)
  5 tengu conjurers
  6 polar bears (Lair:6)
  3 meliai (D:13)
  A queen bee (D:13)
  13 trolls
  5 blink frogs (Lair:2)
  2 hornets
  15 slime creatures
  2 jumping spiders (Lair:4)
  A culicivora (Lair:4)
  3 shadows
  Sigmund (D:2)
  A ynoxinul (Orc:2)
  A human (shapeshifter) (D:14)
  A vampire (D:11)
  34 yaks
  4 fire elementals (D:12)
  6 wyverns
  A hog (shapeshifter) (D:14)
  A human (D:14)
  7 basilisks
  3 vampire mosquitoes (D:14)
  A redback (Lair:4)
  4 wargs
  2 acid dragons (D:14)
  10 water moccasins
  The ghost of PerfectTommy the Firebug, an amateur DEFE (D:4)
  5 hell hounds
  2 sky beasts
  34 orc warriors
  6 ice beasts (Lair:6)
  2 elephant zombies (Lair:5)
  2 black bears
  3 necrophages (Lair:3)
  4 ogres
  13 centaurs
  8 wolves
  A phantom (D:6)
  3 kobold brigands
  2 komodo dragon zombies (Lair:5)
  10 bullfrogs
  A gnoll sergeant (D:12)
  A scorpion (D:6)
  2 water moccasin skeletons (D:4)
  23 killer bees
  7 electric eels
  5 howler monkeys
  A bullfrog zombie (D:6)
  5 lava snakes (Lair:6)
  4 hounds
  A centaur skeleton (D:5)
  2 centaur zombies
  11 jellies
  32 orc priests
  4 gnoll shamans
  An iguana (D:6)
  22 orc wizards
  A scorpion zombie (D:5)
  5 hell rats (Lair:6)
  2 killer bee zombies
  A howler monkey zombie (D:9)
  16 gnolls
  10 adders
  2 shadow imps
  A white imp (Lair:6)
  2 ufetubi
  A worm (D:5)
  5 dart slugs
  91 orcs
  4 bats
  31 endoplasms
  6 giant cockroaches
  6 goblins
  6 hobgoblins
  6 jackals
  29 kobolds
  4 quokkas
  6 ball pythons
  A frilled lizard (D:1)
  A goblin skeleton (D:5)
  A goblin zombie (D:5)
  4 hobgoblin zombies (D:5)
  A kobold zombie (D:5)
  An orc zombie (D:5)
  2 quokka skeletons (D:4)
  4 rats
755 creatures vanquished.

Vanquished Creatures (others)
  A yak (D:12)
  20 fungi
  46 plants
  9 toadstools (D:2)
76 creatures vanquished.

Grand Total: 831 creatures vanquished

Notes
Turn   | Place    | Note
-------+----------+-------------------------------------------
     0 | D:1      | crimpus the Minotaur Berserker began the quest for the Orb.
     0 | D:1      | Reached XP level 1. HP: 19/19 MP: 0/0
   479 | D:1      | Reached XP level 2. HP: 27/27 MP: 1/1
  1573 | D:2      | Reached XP level 3. HP: 33/33 MP: 2/2
  1753 | D:2      | Found Tuclifain's Armour Boutique.
  1795 | D:2      | Identified the +7 quarterstaff of Ointment {speed, rCorr}
  2034 | D:2      | Reached ** piety under Trog
  2182 | D:2      | Reached skill level 1 in Staves
  2182 | D:2      | Reached XP level 4. HP: 40/41 MP: 3/3
  2193 | D:2      | Reached skill level 2 in Staves
  2196 | D:2      | Reached skill level 5 in Fighting
  2196 | D:2      | Reached XP level 5. HP: 35/48 MP: 4/4
  2199 | D:2      | Reached skill level 3 in Staves
  2706 | D:2      | Noticed Sigmund
  2712 | D:2      | Killed Sigmund
  2713 | D:2      | Reached skill level 4 in Staves
  2713 | D:2      | Reached XP level 6. HP: 56/56 MP: 5/5
  3105 | D:2      | Reached skill level 5 in Staves
  3526 | D:3      | Reached *** piety under Trog
  3591 | D:3      | Found Meimuos's Magic Scroll Emporium.
  3684 | D:3      | Found a burning altar of Makhleb.
  3833 | D:4      | Noticed PerfectTommy's ghost (amateur DEFE)
  3854 | D:4      | Found a runed translucent gate.
  3854 | D:4      | Found a runed translucent gate.
  3854 | D:4      | Found a runed translucent gate.
  3972 | D:4      | Reached skill level 6 in Staves
  3983 | D:4      | Reached XP level 7. HP: 57/63 MP: 6/6
  4282 | D:4      | Reached skill level 7 in Staves
  4619 | D:4      | Killed PerfectTommy's ghost
  4801 | D:5      | Entered Level 5 of the Dungeon
  4865 | D:5      | Reached skill level 8 in Staves
  4900 | D:5      | Reached XP level 8. HP: 65/71 MP: 7/7
  4982 | D:5      | Reached **** piety under Trog
  4983 | D:5      | Found a glowing golden altar of the Shining One.
  5041 | D:5      | Noticed a hornet
  5049 | D:5      | Killed a hornet
  5050 | D:5      | Reached skill level 9 in Staves
  5296 | D:6      | Found a broken altar of Ashenzari.
  5297 | D:6      | Found a snail-covered altar of Cheibriados.
  5417 | D:6      | Reached skill level 5 in Armour
  5420 | D:6      | Reached skill level 10 in Staves
  5504 | D:6      | Reached XP level 9. HP: 68/79 MP: 8/8
  5822 | D:6      | Found a shadowy altar of Dithmenos.
  5933 | D:6      | Reached skill level 11 in Staves
  6515 | D:7      | Found a staircase to the Ecumenical Temple.
  6704 | D:7      | Found a stormy altar of Qazlal.
  6791 | D:7      | Reached skill level 12 in Staves
  7066 | D:8      | Noticed Maggie
  7074 | D:8      | Killed Maggie
  7149 | D:8      | Found a staircase to the Lair.
  7151 | D:8      | Noticed Harold
  7186 | D:8      | Killed Harold
  7187 | D:8      | Reached XP level 10. HP: 92/92 MP: 9/9
  7190 | D:8      | Reached ***** piety under Trog
  7387 | D:8      | Reached skill level 13 in Staves
  7509 | D:8      | Noticed Joseph
  7517 | D:8      | Killed Joseph
  7518 | D:8      | Reached skill level 10 in Fighting
  7761 | D:8      | Identified the +2 kite shield of Dramatic Exits {rElec rF-
                  | Int+2}
  8375 | D:9      | Noticed a two-headed ogre
  8383 | D:9      | Killed a two-headed ogre
  8945 | D:10     | Entered Level 10 of the Dungeon
  8988 | D:10     | Noticed a two-headed ogre
  9023 | D:10     | Reached skill level 14 in Staves
  9027 | D:10     | Killed a two-headed ogre
  9028 | D:10     | Reached skill level 1 in Shields
  9038 | D:10     | Reached XP level 11. HP: 101/101 MP: 10/10
  9765 | D:10     | Found a transporter.
  9767 | D:10     | Found a transporter.
  9786 | D:10     | Found a transporter.
  9794 | D:10     | Found a transporter.
  9858 | D:10     | Found a transporter.
  9864 | D:10     | Found a transporter.
  9902 | D:11     | Noticed a two-headed ogre
  9908 | D:11     | Killed a two-headed ogre
  9964 | D:11     | You fall into a shaft and drop 2 floors!
 10020 | D:11     | Received a gift from Trog
 10070 | D:11     | Found Toroxtir's Distillery.
 10259 | D:11     | Noticed a four-headed hydra
 10268 | D:11     | Killed a four-headed hydra
 10269 | D:11     | Reached skill level 15 in Staves
 10269 | D:11     | Reached skill level 10 in Armour
 10408 | D:11     | Found a staircase to the Orcish Mines.
 10449 | D:11     | Found Tial's Distillery.
 10457 | D:11     | Bought a potion of mutation for 120 gold pieces
 10457 | D:11     | Gained mutation: You are frail. (-10% HP) [potion of
                  | mutation]
 10457 | D:11     | Lost mutation: You are frail. (-10% HP) [potion of
                  | mutation]
 10457 | D:11     | Gained mutation: You are partially covered in iridescent
                  | scales. (AC +2) [potion of mutation]
 10623 | D:11     | Found Vaham's Jewellery Emporium.
 10814 | D:11     | Found Axudoycw's Weapon Boutique.
 11126 | D:12     | Noticed a centaur warrior
 11331 | D:12     | Killed a centaur warrior
 11396 | D:12     | Noticed Azrael
 11429 | D:12     | Killed Azrael
 11660 | D:12     | Noticed a boulder beetle
 11688 | D:12     | Killed a boulder beetle
 11689 | D:12     | Reached XP level 12. HP: 88/113 MP: 11/11
 11935 | D:12     | Noticed Urug
 11942 | D:12     | Killed Urug
 12831 | D:12     | Noticed Maurice
 12839 | D:12     | Killed Maurice
 12840 | D:12     | Reached skill level 16 in Staves
 12988 | D:12     | Noticed a two-headed ogre
 12995 | D:12     | Killed a two-headed ogre
 13652 | D:13     | Noticed a tengu warrior
 13658 | D:13     | Killed a tengu warrior
 13662 | D:13     | Noticed a boulder beetle
 13702 | D:13     | Killed a boulder beetle
 13844 | D:13     | Noticed a centaur warrior
 13865 | D:13     | Killed a centaur warrior
 14702 | D:13     | Reached skill level 5 in Shields
 15050 | Orc:1    | Entered Level 1 of the Orcish Mines
 15341 | Orc:1    | Noticed an ettin
 15341 | Orc:1    | Noticed a two-headed ogre
 15369 | Orc:1    | Killed an ettin
 15370 | Orc:1    | Reached XP level 13. HP: 125/125 MP: 12/12
 16117 | Orc:1    | Reached skill level 17 in Staves
 16451 | Orc:2    | Entered Level 2 of the Orcish Mines
 16919 | Orc:1    | Received a gift from Trog
 17120 | Orc:2    | Found Kaevoges's Distillery.
 17124 | Orc:2    | Found Tisioc's General Store.
 17153 | Orc:1    | Reached skill level 15 in Fighting
 18106 | Orc:2    | Found a staircase to the Elven Halls.
 18210 | Orc:2    | Noticed Saint Roka
 18775 | Orc:2    | Killed Saint Roka
 18788 | Orc:2    | Received a gift from Trog
 19406 | Orc:2    | Reached skill level 18 in Staves
 19452 | Orc:2    | Reached XP level 14. HP: 127/137 MP: 13/13
 19520 | Orc:2    | Found Igidwidgh's Antique Weapon Shop.
 19520 | Orc:2    | Found Touser's Book Boutique.
 19521 | Orc:2    | Found a one-way gate leading to the halls of Pandemonium.
 19523 | Orc:2    | Bought a warped halberd for 333 gold pieces
 19523 | Orc:2    | Identified the +6 halberd "Usoysh" {antimagic, rC++ Str+2}
                  | (You bought it in a shop on level 2 of the Orcish Mines)
 19988 | Lair:1   | Entered Level 1 of the Lair of Beasts
 20718 | Lair:1   | Reached skill level 15 in Armour
 21277 | Lair:2   | Received a gift from Trog
 21629 | Lair:2   | Identified the +3 leather armour of Liakhefae {rF+}
 23830 | Lair:4   | Found a staircase to the Shoals.
 24487 | Lair:4   | Found a hole to the Spider Nest.
 24495 | Lair:4   | Reached skill level 19 in Staves
 25048 | Lair:5   | Found a runed translucent gate.
 25236 | Lair:5   | Found a runed translucent gate.
 25236 | Lair:5   | Found a runed translucent gate.
 25238 | Lair:5   | Noticed Thalamas's ghost (journeyman MiBe)
 25238 | Lair:5   | Noticed Ribudoz's ghost (journeyman GnFi)
 25239 | Lair:5   | Noticed Luam's ghost (journeyman OpFi)
 25239 | Lair:5   | Noticed Qeimiotua's ghost (journeyman MiFi)
 25240 | Lair:5   | Noticed Adireryl's ghost (journeyman HOFi)
 25978 | Lair:5   | Killed Adireryl's ghost
 25998 | Lair:5   | Killed Ribudoz's ghost
 26007 | Lair:5   | Killed Thalamas's ghost
 26011 | Lair:5   | Killed Luam's ghost
 26028 | Lair:5   | Killed Qeimiotua's ghost
 26531 | Lair:5   | Identified the ring of Baokug {Wiz rCorr Slay+2}
 26539 | Lair:5   | Identified the ring "Nisal" {rElec rPois rC- Str+6 Int+9}
 26559 | Lair:6   | Entered Level 6 of the Lair of Beasts
 26568 | Lair:6   | Reached XP level 15. HP: 149/149 MP: 14/14
 26675 | Lair:6   | Found a viscous altar of Jiyva.
 26675 | Lair:6   | Found a staircase to the Slime Pits.
 26780 | Lair:6   | Noticed Snorg
 26791 | Lair:6   | Killed Snorg
 27218 | Lair:6   | Identified the +3 ring mail "Soacac" {Contam rF+++ Regen+
                  | Dex+5}
 28631 | Lair:6   | Found a large runed translucent door.
 28634 | Lair:6   | Found a large runed translucent door.
 29412 | D:14     | Received a gift from Trog
 29464 | D:14     | Found an ancient bone altar of Kikubaaqudgha.
 29568 | D:14     | Reached skill level 20 in Staves
 31223 | D:14     | Identified the +7 shortbow "Kuhol" {freeze, rPois rCorr}
 32183 | D:14     | Reached XP level 16. HP: 146/162 MP: 15/15
 32189 | D:14     | Found a gate to the Vaults.
 32340 | D:15     | Entered Level 15 of the Dungeon
 32730 | D:15     | Mangled by a very large slime creature

Illustrated notes

Levels and vault maps discovered:
D:1:      ebering_hopf_link, layout_basic, serial_bayou_pond_e,
          lemuel_old_faithful
D:2:      cheibrodos_fertilizer, layout_basic, serial_shops, shop, uniq_sigmund
D:3:      layout_basic, mainiacjoe_overflow_boulevard, serial_shops, shop
D:4:      layout_basic, gammafunk_ghost_split
D:5:      layout_rooms, nicolae_tso_besieged_by_evil, guppyfry_early_lair_pool
D:6:      layout_rooms, mainiacjoe_overflow_alcove_1,
          mainiacjoe_overflow_divided_tiny, roderic_serpentine_path,
          serial_bayou_lake_a
D:7:      layout_loops_ring, grunt_qazlal_sundering, lemuel_temple_firewalk_a
D:8:      layout_gridville, lair_entry_dummy, lemuel_flame_loot_1, uniq_maggie,
          uniq_joseph, uniq_harold
D:9:      layout_roguey
D:10:     layout_cave_pools, hex_tiny, serial_nicolae_subway,
          nicolae_sub_station_stone, nicolae_sub_station_metal,
          nicolae_sub_station_crystal
D:11:     layout_irregular_city, orc_0_dummy, serial_shops, shop,
          nicolae_diamond_shop, kennysheep_little_box, shop, minmay_holes
D:12:     layout_roguey, serial_bayou, serial_bayou_ford_a,
          serial_bayou_shore_b, serial_bayou_pond_a, serial_bayou_pond_b,
          uniq_azrael, uniq_urug, uniq_maurice
D:13:     layout_roguey, special_room [special_room_bee]
D:14:     minmay_stepped, layout_stronghold, grunt_vaults_entry_fortified,
          serial_column_ruins, column_ruins_square_medium,
          column_ruins_hut_pillars, column_ruins_grid_3, column_ruins_grid_1,
          column_ruins_grid_1, column_ruins_open_small_water,
          column_ruins_grid_1, column_ruins_grid_1, minmay_ruined_shrine
D:15:     hangedman_depths_entry_try_elsewhere_first, layout_cave_pools,
          gammafunk_ghost_icy, gauntlet_entry_generic,
          chequers_decorated_corner, nicolae_ashenzari_skybound
Lair:1:   layout_gridlike, grunt_megastairs_4, lemuel_fruit_tree
Lair:2:   lemuel_slime, layout_misc_corridors
Lair:3:   layout_cave_pods, roderic_carrion_pond
Lair:4:   layout_layer_cave, minmay_shoals_entry_centaurs,
          spider_nest_entry_funnel_web, grunt_megastairs_2,
          infiniplex_staircase_pool_2, lemuel_fruit_fields
Lair:5:   pond_and_an_island_with_a_cottage, layout_long_grid,
          gammafunk_ghost_cemetery
Lair:6:   cheibrodos_lair_end_hotspot, layout_regular_city,
          dpeg_slime_entry_enclosed_altar, minivault_26, ice2_lemuel, uniq_snorg
Orc:1:    layout_diamond_mine, minmay_orc_temple_c
Orc:2:    pf_orc_diabolical, layout_caves, uniq_saint_roka

Skill      XL: |  1  2  3  4  5  6  7  8  9 10 11 12 13 14 15 16 |
---------------+-------------------------------------------------+-----
Axes           | 4 |  4.6
Fighting       | 4 5 6 7 9 10 12 14 16 17 19 | 19.7
Staves         | 1 2 4 6 8 10 12 14 15 16 18 19 20 | 20.6
Armour         | 3 5 6 9 11 13 14 16 17 18 | 18.0
Dodging        | 3 |  3.0
Shields        | 1 3 5 6 7 |  7.0

Action                   |  1- 3 |  4- 6 |  7- 9 | 10-12 | 13-15 | 16-18 || total
-------------------------+-------+-------+-------+-------+-------+-------++-------
Melee: Hand axe          |    76 |       |       |       |       |       ||    76
       Headbutt          |    12 |     2 |    37 |   123 |   372 |     7 ||   553
       Quarterstaff      |    17 |    73 |   235 |   564 |  1375 |    24 ||  2288
Invok: Berserk           |     1 |     1 |     4 |    20 |    27 |     2 ||    55
       Trog's Hand       |       |       |     1 |       |       |       ||     1
       Brothers in Arms  |       |       |       |       |       |     1 ||     1
  Use: Scroll            |     1 |     4 |     3 |     9 |     6 |     2 ||    25
       Potion            |     1 |     2 |     2 |     3 |     1 |     3 ||    12
 Stab: Sleeping          |       |     1 |       |       |       |       ||     1
Armor: Animal skin       |    14 |     6 |       |       |       |       ||    20
       Scale mail        |       |     4 |     3 |       |       |       ||     7
       Chain mail        |       |       |    75 |       |       |       ||    75
       Plate armour      |       |       |    19 |   220 |   548 |     9 ||   796
Dodge: Dodged            |    55 |    32 |    76 |   139 |   315 |     6 ||   623
Block: Other             |       |       |       |    64 |   176 |     5 ||   245
       Reflection        |       |       |       |     5 |    14 |       ||    19
